 Dungeon Crawl Stone Soup version 0.23.2-33-g5129a83184 (webtiles) character file.

Game seed: 10662855189509247387

1179 dvd the Cudgeler (level 8, 0/111 HPs)
             Began as a Troll Skald on July 7, 2019.
             Was a Follower of Cheibriados.
             Slain by an orc warrior
             ... wielding a cursed +0 battleaxe
              (2 damage)
             ... on level 6 of the Dungeon.
             The game lasted 00:18:05 (6209 turns).

dvd the Cudgeler (Troll Skald)                      Turns: 6209, Time: 00:18:08

Health: 0/111      AC: 24    Str: 23    XL:     8   Next: 18%
Magic:  2/10       EV:  1    Int: 13    God:    Cheibriados [*.....]
Gold:   211        SH:  8    Dex: 13    Spells: 3/11 levels left

rFire    . . .     SeeInvis .   w - +2 mace (protect)
rCold    + . .     Gourm    +   z - +0 shield
rNeg     + + +     Faith    .   (armour currently unavailable)
rPois    +         Spirit   .   (helmet currently unavailable)
rElec    .         Reflect  .   (cloak currently unavailable)
rCorr    .         Harm     .   (gloves unavailable)
MR       .....     NoTele   +   (boots unavailable)
Stlth    +.........             (no amulet)
HPRegen  0.68/turn              o - ring of protection from cold
MPRegen  0.12/turn              j - ring of wizardry

@: tree-form, infused (expiring), very slow
A: large, unfitting armour, fast metabolism 3, gourmand, regeneration 1
a: Bend Time, Renounce Religion


You were on level 6 of the Dungeon.
You worshipped Cheibriados.
Cheibriados was aware of your devotion.
You were very full.
You were a tree.
You visited 1 branch of the dungeon, and saw 6 of its levels.

You collected 211 gold pieces.

Inventory:

Hand Weapons
 a - a +2 mace of crushing
 f - a +0 hand axe
 w - a +2 mace of protection (weapon)
 B - a +0 trident of venom
Missiles
 F - 4 tomahawks (quivered)
Armour
 b - a +0 robe (melded)
 t - a scarf of spirit shield
 z - a +0 shield (worn)
 A - a +0 cloak (melded)
 D - a +0 scale mail
Jewellery
 e - an uncursed ring of flight
 j - a ring of wizardry (right branch)
 o - a ring of protection from cold (left branch)
 y - an uncursed ring of stealth
Wands
 G - a wand of scattershot (6)
 H - a wand of paralysis (8)
Scrolls
 g - a scroll of fear {unknown}
 h - 2 scrolls of magic mapping
 i - 5 scrolls of identify
 k - 7 scrolls of teleportation
 m - a scroll of enchant armour {unknown}
 q - 2 scrolls of random uselessness
 r - a scroll of remove curse
 s - a scroll of fog
 u - 2 scrolls of enchant weapon {unknown}
 v - 2 scrolls of blinking {unknown}
 E - 2 scrolls of amnesia {unknown}
 I - a scroll of noise {unknown}
Potions
 c - 3 potions of lignification
 l - 2 potions of curing
 n - 2 potions of flight
 p - a potion of agility {unknown}
 x - a potion of might {unknown}
 C - a potion of haste {unknown}
Comestibles
 d - 11 rations


   Skills:
 + Level 2.9 Fighting
 + Level 0.6(3.0) Axes
 + Level 5.2(5.3) Maces & Flails
 + Level 3.5 Dodging
 + Level 0.4 Stealth
 * Level 2.2 Shields
 + Level 2.0 Spellcasting
 + Level 3.1 Charms
 + Level 1.9 Translocations


You had 3 spell levels left.
You knew the following spells:

 Your Spells              Type           Power        Failure   Level  Hunger
a - Infusion              Chrm           #...         12%         1    ##.....
b - Shroud of Golubria    Chrm/Tloc      #.........   22%         2    ###....
c - Regeneration          Chrm/Necr      #.........   52%         3    ####...
d - Song of Slaying       Chrm           #.......     17%         2    ###....

Your spell library contained the following spells:

 Spells                   Type           Power        Failure   Level  Hunger
 Apportation              Tloc           #.....       19%         1    ##.....
 Animate Skeleton         Necr           N/A          38%         1    ##.....
 Confusing Touch          Hex            #.....       38%         1    ##.....
 Magic Dart               Conj           #...         38%         1    ##.....
 Summon Small Mammal      Summ           #...         38%         1    ##.....
 Searing Ray              Conj           #.....       52%         2    ###....
 Spectral Weapon          Hex/Chrm       #.......     52%         3    ####...
 Dazzling Spray           Conj/Hex       #.....       75%         3    ####...
 Force Lance              Conj/Tloc      #.......     94%         4    #####..
 Fulminant Prism          Conj/Hex       #.........   98%         4    #####..
 Iskenderun's Mystic Bla  Conj           #.......     98%         4    #####..


Dungeon Overview and Level Annotations

Branches:
Dungeon (6/15)             Temple (0/1) D:5

Altars:
Cheibriados
Kikubaaqudgha
Ru
Sif Muna


Innate Abilities, Weirdness & Mutations

You are too large for most types of armour.
((You have claws for hands.))
Your metabolism is lightning-fast.
You like to eat raw meat.
Your natural rate of healing is unusually fast.
((You are covered in fur. (AC +1)))
((You have extremely tough skin. (AC +3)))


Message History

The orc warrior is lightly wounded.
The orc warrior hits you with a cursed +0 battleaxe.
* * * LOW HITPOINT WARNING * * *
Unknown command.
Okay, then.
Unknown command.
As you read the scroll labeled TISCHAO UKUEKK, it crumbles to dust.
You feel blessed for a moment.
It was a scroll of remove curse.
The orc warrior hits you with a cursed +0 battleaxe.
* * * LOW HITPOINT WARNING * * *
Unknown command.
Okay, then.
Unknown command.
As you read the scroll labeled FOOLUIDYSA, it crumbles to dust.
You feel a strange sense of stasis.
It was a scroll of teleportation.
The orc priest invokes the aid of Beogh against you.
Beogh smites you!
* * * LOW HITPOINT WARNING * * *
The orc warrior hits you with a cursed +0 battleaxe.
You die...

#########.#### #.#####.##.#
#.# #.# #.##<# #.# #.#
#.##.# #.# #.# #.##.#
*****#.# #.# #.##.#
*,,,,..# #.# #.##.#*
*****### #§# *,*...** #§#
*,,...,* #♣# *,,...,* #o#
*,,,,,,* #o# *,*,,,** #§#
*,,,,,,* ************#o#
*,****,*
*,,,,,,,,,,,.o#****,****,**
************...,,,>,,,,,,,*
#...****,****,,*
*******#...* *,,,,,,,*


You could see an orc warrior and an orc priest.

Vanquished Creatures
  An ogre (D:4)
  2 bullfrogs (D:5)
  A gnoll sergeant (D:6)
  A scorpion (D:6)
  A bullfrog zombie (D:5)
  A crimson imp (D:5)
  2 hounds
  A jelly (D:5)
  An orc priest (D:5)
  2 bullfrog skeletons (D:5)
  6 orc wizards
  Terence (D:2)
  2 iguanas (D:5)
  A worker ant (D:4)
  A hound zombie (D:5)
  A worker ant zombie (D:5)
  Robin (D:2)
  A howler monkey skeleton (D:5)
  4 adders
  13 gnolls
  A shadow imp (D:6)
  2 worms (D:3)
  3 dart slugs
  3 leopard geckos
  21 orcs
  2 ball pythons
  2 giant cockroaches
  12 goblins
  11 hobgoblins
  3 jackals (D:3)
  A quokka (D:5)
  7 bats
  6 frilled lizards
  10 kobolds
  6 rats (D:1)
  A plant (D:4)
135 creatures vanquished.

Notes
Turn   | Place    | Note
-------+----------+-------------------------------------------
     0 | D:1      | dvd the Troll Skald began the quest for the Orb.
     0 | D:1      | Reached XP level 1. HP: 19/19 MP: 1/1
   229 | D:1      | Reached skill level 2 in Maces & Flails
   236 | D:1      | Reached XP level 2. HP: 26/27 MP: 2/2
   359 | D:1      | Learned a level 2 spell: Shroud of Golubria
  1117 | D:2      | Reached XP level 3. HP: 32/35 MP: 1/3
  1213 | D:2      | HP: 1/35 [hobgoblin/+0 club (1)]
  1636 | D:2      | Found a faded altar of an unknown god.
  1638 | D:2      | Became a worshipper of Sif Muna the Loreminder
  1638 | D:2      | Reached * piety under Sif Muna
  1652 | D:2      | Fell from the grace of Sif Muna
  1665 | D:2      | Noticed Robin
  1687 | D:2      | Killed Robin
  1687 | D:2      | Reached XP level 4. HP: 19/42 MP: 5/5
  2074 | D:2      | Noticed Terence
  2093 | D:2      | Killed Terence
  2357 | D:2      | Reached XP level 5. HP: 38/49 MP: 1/6
  2403 | D:2      | Learned a level 3 spell: Regeneration
  2409 | D:3      | Reached skill level 1 in Translocations
  2418 | D:3      | Reached skill level 3 in Maces & Flails
  2915 | D:3      | Reached XP level 6. HP: 57/57 MP: 3/7
  3860 | D:4      | Reached skill level 4 in Maces & Flails
  3970 | D:4      | Found an ancient bone altar of Kikubaaqudgha.
  3979 | D:4      | Noticed a spatial vortex
  4212 | D:4      | Found a sacrificial altar of Ru.
  4519 | D:4      | Reached XP level 7. HP: 65/65 MP: 1/8
  4907 | D:5      | Entered Level 5 of the Dungeon
  4947 | D:5      | Found a snail-covered altar of Cheibriados.
  4989 | D:5      | Became a worshipper of Cheibriados the Contemplative
  5025 | D:5      | Found a staircase to the Ecumenical Temple.
  5361 | D:5      | Reached skill level 1 in Shields
  5632 | D:5      | Learned a level 2 spell: Song of Slaying
  5670 | D:5      | Reached * piety under Cheibriados
  5754 | D:5      | Reached skill level 5 in Maces & Flails
  5754 | D:5      | Reached XP level 8. HP: 74/74 MP: 5/9
  6209 | D:6      | HP: 2/111 [orc priest/divine providence (16)]
  6209 | D:6      | Slain by an orc warrior

Skill      XL: |  1  2  3  4  5  6  7  8 |
---------------+-------------------------+-----
Dodging        | 2 3 |  3.5
Maces & Flails | 2 3 4 5 |  5.2
Translocations | 1 |  1.9
Fighting       | 2 |  2.9
Charms         | 3 |  3.1
Shields        | 2 |  2.2
Spellcasting   | 2 |  2.0
Axes           | |  0.6
Stealth        | |  0.4

Action                   |  1- 3 |  4- 6 |  7- 9 || total
-------------------------+-------+-------+-------++-------
Melee: Hand axe          |   105 |       |       ||   105
       Mace              |    56 |   230 |   242 ||   528
 Cast: Shroud of Golubri |    16 |    27 |     9 ||    52
       Infusion          |       |       |     2 ||     2
       Song of Slaying   |       |       |     1 ||     1
Invok: Renounce Religion |     1 |       |       ||     1
  Use: Scroll            |       |       |     5 ||     5
       Potion            |       |       |     4 ||     4
 Stab: Sleeping          |       |     3 |       ||     3
  Eat: Chunk             |    20 |    32 |    16 ||    68
Armor: Robe              |    94 |    82 |    94 ||   270
Dodge: Dodged            |   118 |   133 |    63 ||   314
Block: Shield            |       |       |    87 ||    87
